AoeStats
← 李天尊

Lombardia

510056334Analyzed
4v4 RM · 3d ago on Sep 29, 2026· 54m 39s· 8 players
Game mode
Random Map
Map size
Large (8 player)
Population
200
Speed
Normal
Resources
Standard
Victory
Conquest
Starting age
Dark Age
Ending age
Imperial Age
RankedLock teamsTeams togetherTeam positionsShared explorationLock speedFull tech treeHidden civsTurbo modeCheats
Victory
Defeat
🇮🇳 Tatars · India
1393
+15
🇹🇼 Varangians · Taiwan
1348
+17
🇺🇸 Danes · United States
1346
+17
🇨🇳 Jurchens · China
1342
+17
🇩🇪 Teutons · Germany
1422
-19
🇮🇩 Berbers · Indonesia
1422
-19
🇹🇷 Malians · Türkiye
1300
-14
🇲🇽 Lithuanians · Mexico
1298
-14
RockAxe8716
3:30 Loom
10:51 Feudal Age
12:30 Loom
15:12 Castle Age
13:12 Double-Bit Axe
13:42 Horse Collar
15:16 Fletching
15:57 Bodkin Arrow
17:07 Bow Saw
18:26 Ballistics
20:59 Husbandry
25:26 Wheelbarrow
25:31 Bloodlines
25:24 Gold Mining
25:53 Padded Archer Armor
25:58 Town Watch
32:24 Imperial Age
31:24 Leather Archer Armor
32:00 Hand Cart
33:10 Bracer
33:41 Ring Archer Armor
33:55 Town Patrol
36:52 Chemistry
37:00 Gold Shaft Mining
36:15 Stone Mining
37:04 Treadmill Crane
39:27 Onager
41:00 Heavy Cavalry Archer
42:51 Siege Engineers
43:55 Fortified Wall
47:06 Guilds
46:57 Caravan
48:40 Conscription
48:32 Timurid Siegecraft
48:24 Silk Armor
李天尊
6:08 Loom
9:01 Feudal Age
9:47 Double-Bit Axe
10:45 Horse Collar
19:20 Wheelbarrow
19:54 Bloodlines
22:22 Castle Age
21:19 Forging
21:20 Gold Mining
21:47 Scale Barding Armor
23:34 Bow Saw
22:48 Light Cavalry
24:01 Husbandry
24:35 Chain Barding Armor
26:39 Hand Cart
26:10 Town Watch
29:39 Town Patrol
30:31 Iron Casting
31:28 Vendel Legacy
39:54 Imperial Age
37:53 Stone Mining
40:06 Cavalier
41:25 Plate Barding Armor
41:50 Blast Furnace
42:50 Conscription
43:44 Heavy Plow
45:24 Scale Mail Armor
Mustafa90
11:13 Feudal Age
15:14 Castle Age
13:16 Double-Bit Axe
16:42 Bow Saw
18:10 Wheelbarrow
20:55 Loom
21:04 Fletching
22:08 Town Watch
24:37 Ballistics
24:42 Bodkin Arrow
26:17 Padded Archer Armor
30:56 Bloodlines
30:47 Husbandry
32:17 Hand Cart
33:54 Scale Barding Armor
33:59 Forging
36:48 Imperial Age
34:26 Horse Collar
35:07 Scale Mail Armor
34:51 Treadmill Crane
35:23 Masonry
34:41 Light Cavalry
35:29 Fortified Bastions
34:58 Pikeman
37:10 Squires
36:55 Gambesons
36:56 Arson
38:04 Iron Casting
37:44 Chain Mail Armor
37:45 Heavy Plow
38:49 Two-Man Saw
37:16 Halberdier
37:36 Capped Ram
39:02 Chain Barding Armor
40:27 Chemistry
40:25 Heavy Rocket Cart
42:49 Hussar
44:12 Siege Engineers
44:37 Architecture
45:18 Caravan
51:02 Conscription
50:52 Thunderclap Bombs
virttuallG
10:18 Feudal Age
11:42 Loom
14:39 Castle Age
13:12 Double-Bit Axe
14:01 Bloodlines
13:47 Gold Mining
13:39 Horse Collar
20:14 Wheelbarrow
21:19 Bow Saw
22:58 Heavy Plow
22:57 Stone Mining
25:56 Forging
25:55 Husbandry
29:05 Gold Shaft Mining
32:12 Imperial Age
29:59 Hand Cart
29:55 Scale Mail Armor
30:30 Iron Casting
29:42 Hamask
30:33 Squires
30:20 Arson
31:54 Chain Mail Armor
33:26 Plate Mail Armor
33:57 Blast Furnace
32:30 Elite Varangian Guard
34:30 Conscription
34:24 Gambesons
35:44 Pikeman
35:53 Northmen's Fury
36:24 Halberdier
38:05 Onager
39:47 Siege Onager
40:50 Siege Engineers
41:45 Chemistry
40:47 Elite Jomsviking
48:14 Fletching
48:47 Ballistics
54:11 Town Watch
Lynx
11:06 Feudal Age
11:36 Double-Bit Axe
16:19 Castle Age
15:10 Horse Collar
18:02 Wheelbarrow
17:13 Loom
21:58 Bow Saw
21:24 Pikeman
23:25 Squires
24:46 Heavy Plow
29:07 Ballistics
28:44 Fletching
30:19 Fortified Wall
35:34 Imperial Age
33:20 Hand Cart
33:31 Hand Cart
34:41 Town Watch
35:29 Caravan
35:47 Heavy Scorpion
37:11 Conscription
36:48 Bodkin Arrow
38:35 Chemistry
37:42 Gold Mining
37:43 Stone Mining
37:49 Halberdier
38:33 Scale Mail Armor
38:44 Forging
43:25 Crenellations
47:19 Siege Engineers
47:25 Masonry
48:16 Chain Mail Armor
48:37 Iron Casting
52:02 Plate Mail Armor
52:33 Blast Furnace
yavuzaltnsk
8:34 Loom
10:20 Feudal Age
15:41 Castle Age
13:38 Double-Bit Axe
13:43 Horse Collar
17:27 Wheelbarrow
24:19 Bloodlines
28:48 Bow Saw
32:37 Imperial Age
30:39 Scale Barding Armor
30:45 Forging
31:24 Hand Cart
31:29 Husbandry
34:46 Gold Mining
34:45 Heavy Camel Rider
37:23 Chain Barding Armor
37:38 Iron Casting
50:14 Plate Barding Armor
Embege
10:44 Feudal Age
11:56 Loom
16:55 Castle Age
15:28 Double-Bit Axe
15:26 Horse Collar
18:16 Bow Saw
20:33 Fletching
22:15 Bodkin Arrow
23:22 Ballistics
23:25 Padded Archer Armor
29:11 Heavy Plow
31:33 Wheelbarrow
32:40 Gold Mining
37:48 Imperial Age
35:34 Hand Cart
35:35 Thumb Ring
35:46 Fortified Wall
36:32 Leather Archer Armor
36:27 Kasbah
40:47 Chemistry
39:48 Bracer
40:14 Conscription
40:49 Maghrebi Camels
40:12 Elite Camel Archer
46:20 Ring Archer Armor
man_mel49
0:54 Loom
9:38 Feudal Age
10:12 Double-Bit Axe
13:27 Loom
18:16 Castle Age
18:18 Bloodlines
18:14 Horse Collar
22:38 Fervor
25:18 Wheelbarrow
25:18 Wheelbarrow
25:19 Wheelbarrow
26:05 Husbandry
27:21 Scale Barding Armor
28:29 Bow Saw
31:11 Hand Cart
31:31 Chain Barding Armor
31:50 Forging
32:54 Gold Mining
39:45 Imperial Age
40:08 Iron Casting
39:42 Stone Mining
39:50 Cavalier
41:01 Conscription
41:37 Plate Barding Armor
42:33 Fletching
42:21 Crossbowman
43:09 Thumb Ring
46:05 Elite Skirmisher
47:18 Tower Shields
47:47 Light Cavalry
Connection lost

Rejoining the realm…

Still unreachable

The connection could not be restored.

Session expired

The server has moved on; the page needs a fresh start.